 Dungeon Crawl Stone Soup version 0.31-a0-836-g3ceb0a68c4 (webtiles) character file.

Game seed: 5189267934571034215

100 tilp the Sneak (level 4, -5/33 HPs)
             Began as a Vampire Enchanter on Sept 26, 2023.
             Killed by nerve-wracking pain
             ... invoked by an orc priest
              (6 damage)
             ... on level 3 of the Dungeon.
             The game lasted 00:03:10 (2030 turns).

tilp the Sneak (Vampire Enchanter)                  Turns: 2030, Time: 00:03:10

Health: -5/33      AC:  4    Str:  7    XL:     4   Next: 47%
Magic:  1/7        EV: 13    Int: 19    God:
Gold:   123        SH:  0    Dex: 20    Spells: 2/7 levels left

rFire   . . .        a - +2 dagger
rCold   . . .        (no shield)
rNeg    . . .        h - +1 robe
rPois   .            q - +0 helmet
rElec   .            (no cloak)
rCorr   .            (no gloves)
SInv    +            (no boots)
Will    .....        (no amulet)
Stlth   +++          d - +6 ring of dexterity
HPRegen 0.45/turn    (no ring)
MPRegen 0.10/turn

%: no passive effects
@: lethally poisoned (-5 -> -11), healing quickly, invisible
A: alive, fangs 3, see invisible, vampiric 2
a: Exsanguinate


You were on level 3 of the Dungeon.
You visited 1 branch of the dungeon, and saw 3 of its levels.

You collected 123 gold pieces.

Inventory:

Hand Weapons
 a - a +2 dagger (weapon)
 b - a +2 short sword of flaming
 m - the +5 sling "Xailyef" {heavy, rC++ Will+}
   (You found it on level 2 of the Dungeon)

   rC++:      It greatly protects you from cold.
   Will+:     It increases your willpower.
 o - a +2 dagger of holy wrath
Missiles
 g - 12 poisoned darts (quivered)
 r - a throwing net
Armour
 h - a +1 robe (worn)
 q - a +0 helmet (worn)
Jewellery
 d - a +6 ring of dexterity (left hand)
Wands
 l - a wand of roots (9)
 n - a wand of flame (28)
Scrolls
 e - 2 scrolls of teleportation
 s - a scroll of revelation {unknown}
 t - a scroll of immolation
Potions
 c - a potion of invisibility
 f - a potion of cancellation {unknown}
 i - a potion of mutation {unknown}
 j - a potion of heal wounds {unknown}
 k - a potion of enlightenment {unknown}
 p - a potion of curing {unknown}


   Skills:
 * Level 1.9 Fighting
 * Level 2.5 Short Blades
 + Level 2.7 Dodging
 + Level 4.9 Stealth
 + Level 2.3 Spellcasting
 + Level 4.7 Hexes
 + Level 0.3 Evocations


You had 2 spell levels left.
You knew the following spells:

 Your Spells              Type           Power      Damage    Failure   Level
a - Ensorcelled Hibernat  Hex/Ice        22%        N/A       10%         2
b - Confusing Touch       Hex            20%        N/A       7%          3

Your spell library contained the following spells:

 Spells                   Type           Power      Damage    Failure   Level
 Tukima's Dance           Hex            20%        N/A       7%          3
 Dazzling Flash           Conj/Hex       22%        N/A       19%         3
 Malign Gateway           Summ/Tloc      1%         N/A       100%        7
 Summon Horrible Things   Summ           1%         N/A       100%        8


Dungeon Overview and Level Annotations

Branches:
Dungeon (3/15)

Altars:


Innate Abilities, Weirdness & Mutations

Your natural rate of healing is accelerated.
You have razor-sharp teeth.
You have supernaturally acute eyesight. (SInv)
You are afflicted with vampirism and can become a bat while bloodless.


Message History

Unknown command.
You hit the orc wizard.
The orc wizard is heavily wounded.
You feel very sick.
The orc wizard hits you with a +2 dagger of venom.
You are more poisoned.
The orc wizard barely misses itself.
You strike the helpless orc wizard from behind!
You impale the orc wizard!!
You kill the orc wizard!
You feel very sick.
Unknown command.
Casting: Ensorcelled Hibernation (safe; 10% risk of failure)
Confirm with . or Enter, or press ? or * to list all spells.
Aiming: Ensorcelled Hibernation (safe; 10% risk of failure)
Press: ? - help, Shift-Dir - straight line, f - orc priest
Aim: an orc priest, wielding a +0 hand axe (chance to affect: 45%)
The orc priest resists with some effort.
You feel very sick. The orc priest barely misses you.
Unknown command.
Casting: Ensorcelled Hibernation (safe; 10% risk of failure)
Confirm with . or Enter, or press ? or * to list all spells.
Aiming: Ensorcelled Hibernation (safe; 10% risk of failure)
Press: ? - help, Shift-Dir - straight line, f/p - orc priest
Aim: an orc priest, wielding a +0 hand axe (chance to affect: 45%)
The orc priest resists with some effort.
You feel very sick.
The orc priest mumbles some strange prayers to Beogh against you.
Beogh smites you!
* * * LOW HITPOINT WARNING * * *
The orc wizard mumbles some strange words.
The orc wizard flickers and vanishes for a moment.
Unknown command.
You fade into invisibility!
* * * LOW HITPOINT WARNING * * *
You feel very sick.
The orc priest calls down the wrath of Beogh upon you.
Pain shoots through your body!
You die...

##### ##...## ##.....##
#.......# #.......#
#††.....# ########.....##
...)..........######
#######.)......o@oo#######
### #..†....####.......#
... ............^......###
########.....##.........#
##...#....#.##.#.#
#............ .....
.....###.o..... ..... #
##..## #o............ ##
#.o#..o.......


You could see an orc priest (unable to see you), an orc wizard (invisible,
unable to see you) and an orc (unable to see you).

Vanquished Creatures
  An orc wizard (D:3)
  An adder (D:3)
  A dart slug (D:2)
  9 orcs
  4 ball pythons
  4 endoplasms
  4 goblins
  3 hobgoblins
  7 jackals
  4 kobolds (D:2)
  4 quokkas
  4 bats
  3 frilled lizards
  3 rats
52 creatures vanquished.

Notes
Turn   | Place    | Note
-------+----------+-------------------------------------------
     0 | D:1      | tilp the Vampire Enchanter began the quest for the Orb.
     0 | D:1      | Reached XP level 1. HP: 13/13 MP: 3/3
   377 | D:1      | Reached XP level 2. HP: 20/20 MP: 5/5
   449 | D:1      | Learned a level 2 spell: Ensorcelled Hibernation
   918 | D:2      | Reached skill level 1 in Fighting
  1107 | D:2      | Gained mutation: You are afflicted with vampirism and can
                  | become a bat while bloodless. [Vampire growth]
  1107 | D:2      | Reached XP level 3. HP: 22/26 MP: 6/6
  1201 | D:2      | Identified the +5 sling "Xailyef" {heavy, rC++ Will+}
  1572 | D:2      | Learned a level 3 spell: Confusing Touch
  1893 | D:3      | Found a faded altar of an unknown god.
  1955 | D:3      | Reached XP level 4. HP: 30/32 MP: 7/7
  2007 | D:3      | Found the +4 robe of Augmentation {Str+4 Int+4 Dex+4}
  2030 | D:3      | HP: 1/33 [poisoned by an orc wizard]
  2030 | D:3      | Killed from afar by an orc priest

Illustrated notes

Levels and vault maps discovered:
D:1:      dpeg_arrival_short_road, layout_basic
D:2:      layout_loops_ring, st_stairs_4, corner_web_ring
D:3:      layout_rooms, jmf_multi_god_temple,
          hellmonk_ecumenical_altar_arch_garden

Skill      XL: |  1  2  3 |
---------------+----------+-----
Fighting       | 1 |  1.9
Short Blades   | 2 |  2.5
Dodging        | |  2.7
Stealth        | |  4.9
Spellcasting   | |  2.3
Hexes          | |  4.7
Evocations     | |  0.3

Action                     |  1- 3 |  4- 6 || total
---------------------------+-------+-------++-------
  Melee: Dagger            |   133 |    23 ||   156
         Bite              |    13 |     3 ||    16
         Punch             |     1 |     1 ||     2
         Short sword       |       |     6 ||     6
   Cast: Ensorcelled Hiber |     8 |     3 ||    11
    Use: Scroll            |     4 |       ||     4
         Potion            |       |     1 ||     1
   Stab: Sleeping          |    19 |       ||    19
         Confused          |       |     1 ||     1
 Armour: Robe              |    73 |    18 ||    91
  Dodge: Dodged            |    74 |    27 ||   101

Table legend: (Time is in decaauts)
 A = Elapsed time spent in this place.
 B = Non-inter-level travel time spent in this place.
 C = Inter-level travel time spent in this place.
 D = Time resting spent in this place.
 E = Time spent auto-exploring this place.
 F = Levels seen in this place.
 G = Mean time per level.
                   A        B        C        D        E       F      G
               +--------+--------+--------+--------+--------+-----+--------+
         Total |   2013 |   1920 |     93 |    138 |   1362 |   3 |  671.0 |
       Dungeon |   2013 |   1920 |     93 |    138 |   1362 |   3 |  671.0 |
               +--------+--------+--------+--------+--------+-----+--------+

Top non-repeatable levels by time:
     D:2: 898 daAuts
     D:1: 846 daAuts
     D:3: 268 daAuts
